 Dungeon Crawl Stone Soup version 0.29-a0-321-gf1c400731a (webtiles) character file.

Game seed: 12377418328565622420

667 Psyclone the Firebug (level 7, -12/41 HPs)
             Began as an Octopode Fire Elementalist on Apr 3, 2022.
             Mangled by a yak (14 damage)
             ... on level 4 of the Dungeon.
             The game lasted 00:08:31 (5209 turns).

Psyclone the Firebug (Octopode Fire Elementalist)   Turns: 5209, Time: 00:08:32

Health: -12/41     AC:  1    Str:  6 (7)  XL:     7   Next: 57%
Magic:  13/13      EV: 13    Int: 18 (20) God:
Gold:   165        SH:  0    Dex: 11 (12) Spells: 9/15 levels left

rFire   . . .      SeeInvis +   a - +3 dagger (drain)
rCold   . . .      Faith    .   (no shield)
rNeg    . . .      Spirit   .   (helmet restricted)
rPois   .          Reflect  .   d - amulet of magic regeneration
rElec   .          Harm     .   h - ring of see invisible
rCorr   .          Rampage  .   (no ring)
Will    .....                   (no ring)
Stlth   +++.......              (no ring)
HPRegen 0.13/turn               (no ring)
MPRegen 0.53/turn               (no ring)
                                (no ring)
                                (no ring)

@: no status effects
A: almost no armour, amphibious, 8 rings, camouflage 1, gelatinous body 1,
(nimble swimmer 1), tentacles
a: no special abilities


You were on level 4 of the Dungeon.
You visited 1 branch of the dungeon, and saw 5 of its levels.

You collected 165 gold pieces.

Inventory:

Hand Weapons
 a - a +3 dagger of draining (weapon)
 b - a +1 short sword of holy wrath
Jewellery
 d - an amulet of magic regeneration (around mantle)
 h - a ring of see invisible (left tentacle)
Scrolls
 c - 3 scrolls of teleportation {unknown}
 e - 2 scrolls of immolation
 g - a scroll of vulnerability
 l - a scroll of amnesia
 n - a scroll of fog {unknown}
Potions
 f - 4 potions of degeneration
 i - a potion of might {unknown}
 j - a potion of flight {unknown}
 k - a potion of curing {unknown}
 m - a potion of magic
 o - 2 potions of mutation {unknown}
 p - a potion of lignification {unknown}
 q - a potion of resistance {unknown}
 r - a potion of haste {unknown}


   Skills:
 - Level 2.0 Dodging
 - Level 2.6 Stealth
 + Level 4.6 Spellcasting
 + Level 4.6 Conjurations
 + Level 5.4 Fire Magic


You had 9 spell levels left.
You knew the following spells:

 Your Spells              Type           Power      Damage    Failure   Level
a - Scorch                Fire           46%        2d7       2%          2
b - Foxfire               Conj/Fire      88%        2x1d8     1%          1
c - Conjure Flame         Conj/Fire      22%        6-21      5%          3

Your spell library contained the following spells:

 Spells                   Type           Power      Damage    Failure   Level
 Shock                    Conj/Air       48%        1d6       5%          1
 Static Discharge         Conj/Air       12%        N/A       9%          2
 Beastly Appendage        Tmut           8%         N/A       14%         1
 Inner Flame              Hex/Fire       14%        N/A       14%         3
 Flame Wave               Conj/Fire      22%        2d7       17%         4
 Ensorcelled Hibernation  Hex/Ice        8%         N/A       22%         2
 Wereblood                Tmut           4%         N/A       22%         2
 Spider Form              Tmut/Pois      4%         N/A       38%         3
 Swiftness                Air            4%         N/A       38%         3
 Airstrike                Air            2%         N/A       80%         4
 Anguish                  Hex/Necr       2%         N/A       80%         4
 Lightning Bolt           Conj/Air       6%         1d18      83%         5
 Malign Gateway           Summ/Tloc      2%         N/A       100%        7
 Maxwell's Capacitive Co  Air            2%         ∞         100%        8
 Summon Horrible Things   Summ           2%         N/A       100%        8


Dungeon Overview and Level Annotations

Branches:
Dungeon (5/15)
 Temple: D:4-7

Altars:
Okawaru

Annotations:
D:3 exclusion: downstairs


Innate Abilities, Weirdness & Mutations

You cannot wear most types of armour.
You are amphibious.
You can wear up to eight rings at the same time.
Your skin changes colour to match your surroundings (Stealth+).
Your rubbery body absorbs attacks. (AC +1, EV +1)
((You are camouflaged when in or above water. (Stealth+)))
You have tentacles for arms and can constrict up to eight enemies at once.


Message History

You now have 8/13 mp.
A yak comes into view.
MP restored: 13 A yak comes into view.
The yak bellows!
A yak comes into view. x2
A yak comes into view.
The yak bellows! x3
Casting: Scorch (safe; 1% risk of failure)
Confirm with . or Enter, or press ? or * to list all spells.
Flames lash the yak.
The yak is lightly wounded.
The yak's fire resistance burns away.
Unknown command.
You now have 12/13 mp.
Casting: Scorch (safe; 1% risk of failure)
Confirm with . or Enter, or press ? or * to list all spells.
Flames lash the yak.
The yak is burned terribly!
The yak is moderately wounded.
Unknown command.
You now have 10/13 mp.
The yak attacks as you move away! The yak barely misses you.
MP restored: 13 The yak attacks as you move away!
The yak gores you!
You take 8 damage, and have 33/41 hp.
The yak is no longer more vulnerable to fire.
The yak attacks as you move away! The yak gores you!
You take 17 damage, and have 17/41 hp.
MASSIVE DAMAGE!!
The yak attacks as you move away! The yak closely misses you.
There is a stone staircase leading up here.
The yak gores you!
* * * LOW HITPOINT WARNING * * *
You climb upwards.
There is a stone staircase leading down here.
You take 16 damage, and have 2/41 hp.
MASSIVE DAMAGE!!
It was a potion of degeneration.
There was something very wrong with that liquid.
You feel weakened.
You feel dopey.
You feel clumsy. The yak gores you!
You die...

#.##.# #.##.# ######.##.#
#.........# #.........#
#.........#
#.........################
######)##.................
#...@................
###Y################# #.#
#......# # #######.#
#......# # #....##.###
#......# ### #.........#
#..(...# #.. #....#....#
#......###..
###....#....####...........
#......#......######.......


You could see a yak.

Vanquished Creatures
  Menkaure (D:5)
  2 phantoms (D:4)
  A scorpion (D:5)
  3 jellies (D:3)
  A hound (D:4)
  An orc priest (D:3)
  3 gnolls (D:4)
  7 adders
  4 worms
  2 dart slugs (D:4)
  5 orcs
  15 endoplasms
  2 giant cockroaches
  4 goblins
  6 hobgoblins
  4 jackals
  15 kobolds
  5 ball pythons
  2 bats
  3 frilled lizards
  4 rats
90 creatures vanquished.

Vanquished Creatures (others)
  17 foxfires
  2 fungi (D:3)
  10 toadstools (D:3)
29 creatures vanquished.

Grand Total: 119 creatures vanquished

Notes
Turn   | Place    | Note
-------+----------+-------------------------------------------
     0 | D:1      | Psyclone the Octopode Fire Elementalist began the quest for
                  | the Orb.
     0 | D:1      | Reached XP level 1. HP: 11/11 MP: 3/3
   202 | D:1      | Found a faded altar of an unknown god.
   220 | D:1      | Reached XP level 2. HP: 13/17 MP: 0/5
   473 | D:1      | Learned a level 2 spell: Scorch
  1206 | D:2      | Reached XP level 3. HP: 12/21 MP: 0/6
  2383 | D:2      | Learned a level 3 spell: Conjure Flame
  2476 | D:2      | Reached XP level 4. HP: 11/27 MP: 1/8
  3317 | D:3      | Found an iron altar of Okawaru.
  3379 | D:3      | Reached XP level 5. HP: 31/31 MP: 4/9
  3702 | D:3      | Reached skill level 4 in Fire Magic
  3887 | D:3      | Reached XP level 6. HP: 20/36 MP: 0/11
  4631 | D:4      | Reached skill level 5 in Fire Magic
  4631 | D:4      | Reached XP level 7. HP: 35/41 MP: 9/13
  5123 | D:5      | Entered Level 5 of the Dungeon
  5123 | D:5      | Noticed Menkaure
  5128 | D:5      | Killed Menkaure
  5185 | D:5      | Noticed a yak
  5186 | D:5      | Noticed a yak
  5187 | D:5      | Noticed a yak
  5187 | D:5      | Noticed a yak
  5188 | D:5      | Noticed a yak
  5207 | D:5      | HP: 2/41 [yak (16)]
  5209 | D:4      | Mangled by a yak

Illustrated notes

Levels and vault maps discovered:
D:1:      scummos_arrival_hexagon, layout_basic,
          hellmonk_ecumenical_altar_crossroads
D:2:      layout_basic, serial_aquarium, aquarium_bridge_square
          [aquarium_subvault_wall, aquarium_subvault_bridge,
          aquarium_subvault_bridge, aquarium_subvault_wall],
          aquarium_bridge_straight [aquarium_subvault_bridge,
          aquarium_subvault_wall, aquarium_subvault_bridge,
          aquarium_subvault_balcony], aquarium_window_corner,
          aquarium_window_corridor_3, aquarium_view_2d, aquarium_view_2d,
          aquarium_balcony_3a
D:3:      cheibrodos_fertilizer, layout_basic, okawaru_metal_pillars_1_2,
          grunt_decor_mini_mirrors
D:4:      cheibrodos_old_hovel, layout_basic
D:5:      layout_loops_ring, serial_shops, shop, uniq_menkaure

Skill      XL: |  1  2  3  4  5  6 |
---------------+-------------------+-----
Conjurations   | 2 3 4 |  4.6
Spellcasting   | 3 4 |  4.6
Fire Magic     | 4 5 |  5.4
Dodging        | |  2.0
Stealth        | |  2.6

Action                   |  1- 3 |  4- 6 |  7- 9 || total
-------------------------+-------+-------+-------++-------
Melee: Dagger            |    24 |    19 |       ||    43
       Constrict         |     5 |     3 |       ||     8
       Unarmed           |     2 |       |       ||     2
       Tentacles         |     5 |     5 |       ||    10
 Cast: Foxfire           |     8 |     1 |       ||     9
       Scorch            |    27 |    52 |    16 ||    95
       Conjure Flame     |     1 |       |       ||     1
  Use: Scroll            |       |     4 |       ||     4
       Potion            |       |       |     1 ||     1
 Stab: Sleeping          |     2 |     1 |       ||     3
       Distracted        |       |     1 |       ||     1
Armor: Skin              |     3 |     4 |       ||     7
Dodge: Dodged            |    17 |    12 |     4 ||    33

Table legend: (Time is in decaauts)
 A = Elapsed time spent in this place.
 B = Non-inter-level travel time spent in this place.
 C = Inter-level travel time spent in this place.
 D = Time resting spent in this place.
 E = Time spent auto-exploring this place.
 F = Levels seen in this place.
 G = Mean time per level.
                   A        B        C        D        E       F      G
               +--------+--------+--------+--------+--------+-----+--------+
         Total |   5209 |   4973 |    236 |    729 |   3697 |   5 | 1041.8 |
       Dungeon |   5209 |   4973 |    236 |    729 |   3697 |   5 | 1041.8 |
               +--------+--------+--------+--------+--------+-----+--------+

Top non-repeatable levels by time:
     D:2: 1843 daAuts
     D:3: 1442 daAuts
     D:1: 944 daAuts
     D:4: 894 daAuts
     D:5: 84 daAuts
